 Dungeon Crawl Stone Soup version 0.30.1-3-gfc49f6343a (webtiles) character file.

Game seed: 12401977783490794616

1350 ThatDraconian the Firebug (level 8, 0/62 HPs)
             Began as a Pale Draconian Fire Elementalist on Aug 9, 2023.
             Slain by an ogre
             ... wielding a +0 giant spiked club
              (35 damage)
             ... on level 8 of the Dungeon.
             The game lasted 00:18:51 (4313 turns).

ThatDraconian the Firebug (DrFE)                    Turns: 4313, Time: 00:18:51

Health: 0/62       AC:  6    Str: 14    XL:     8   Next: 36%
Magic:  8/23       EV: 12    Int: 15    God:
Gold:   590        SH:  0    Dex: 11    Spells: 2/15 levels left

rFire   . . .        s - +0 arbalest
rCold   . . .        (shield currently unavailable)
rNeg    . . .        (body armour unavailable)
rPois   .            (helmet restricted)
rElec   .            (no cloak)
rCorr   .            (no gloves)
SInv    .            (no boots)
Will    .....        (no amulet)
Stlth   ++           k - ring of magical power
HPRegen 0.30/turn    x - ring of wizardry
MPRegen 0.18/turn

%: wizardry (x1)
@: short of breath
A: breathe steam, AC +6, unfitting armour, cold-blooded, steam resistance
a: Breathe Steam


You were on level 8 of the Dungeon.
You visited 1 branch of the dungeon, and saw 7 of its levels.

You collected 590 gold pieces.

Inventory:

Hand Weapons
 g - a +0 hand axe
 s - a +0 arbalest (weapon)
Missiles
 l - 6 javelins
Jewellery
 k - a ring of magical power (left hand)
 n - a +6 ring of dexterity
 q - a ring of fire
 x - a ring of wizardry (right hand)
Wands
 m - a wand of charming (6)
 w - a wand of digging (1)
Scrolls
 a - 3 scrolls of noise
 e - a scroll of poison
 o - 4 scrolls of teleportation {unknown}
 p - 2 scrolls of fog {unknown}
 v - a scroll of immolation {unknown}
 y - 4 scrolls of identify
Potions
 b - 3 potions of curing {unknown}
 c - a potion of haste {unknown}
 d - 2 potions of attraction {unknown}
 f - 2 potions of berserk rage
 h - a potion of lignification {unknown}
 i - 2 potions of might
 j - a potion of flight {unknown}
 r - a potion of mutation {unknown}
 t - a potion of magic
 u - 2 potions of heal wounds {unknown}


   Skills:
 * Level 2.6 Fighting
 * Level 2.1 Axes
 * Level 2.4 Ranged Weapons
 * Level 1.8 Throwing
 * Level 2.8 Dodging
 * Level 3.2 Stealth
 * Level 4.2 Spellcasting
 * Level 2.7 Conjurations
 * Level 1.7 Hexes
 * Level 2.5 Translocations
 * Level 5.6 Fire Magic
 * Level 2.3 Evocations


You had 2 spell levels left.
You knew the following spells:

 Your Spells              Type           Power      Damage    Failure   Level
a - Foxfire               Conj/Fire      60%        2x1d7     1%          1
b - Scorch                Fire           40%        2d6       1%          2
c - Volatile Blastmotes   Fire/Tloc      30%        2d12      4%          3
d - Inner Flame           Hex/Fire       14%        N/A       4%          3
e - Flame Wave            Conj/Fire      15%        2d7       12%         4

Your spell library contained the following spells:

 Spells                   Type           Power      Damage    Failure   Level
 Ensorcelled Hibernation  Hex/Ice        10%        N/A       8%          2
 Sublimation of Blood     Necr           3%         N/A       11%         2
 Wereblood                Tmut           3%         N/A       11%         2
 Spider Form              Tmut/Pois      3%         N/A       21%         3
 Anguish                  Hex/Necr       2%         N/A       43%         4
 Summon Hydra             Summ           1%         N/A       100%        7


Dungeon Overview and Level Annotations

Branches:
Dungeon (6/15)
 Temple: D:4-7

Altars:
Dithmenos
Zin


Innate Abilities, Weirdness & Mutations

You can breathe blasts of scalding, opaque steam.
Your pale cyan-grey scales are hard. (AC +6)
You cannot fit into any form of body armour.
You are cold-blooded and may be slowed by cold attacks.
You are immune to the effects of steam.


Message History

The orc wizard is almost dead.
An ogre comes into view. It is wielding a +0 giant spiked club.
The orc wizard casts a spell at you. The magic dart hits you!
Fire: s) +0 arbalest
Press: ? - help, Q - select action, (/) - cycle Shift-Dir - straight line, f/p - orc wizard
Aim: an orc wizard, wielding a +3 dagger and wearing a +0 robe (almost dead, 40% to hit)
You shoot a bolt. The bolt closely misses the orc wizard.
The orc wizard casts a spell.
The orc wizard flickers and vanishes!
Deactivating autopickup; reactivate with Ctrl-A.
An orc comes into view. It is wielding a +0 hand axe.
Things that are here:
a +0 dagger; a +0 leather armour You shoot a bolt.
The bolt hits the ogre.
The ogre is lightly wounded.
Something hits you but does no damage. Something hits you!
Casting: Scorch (safe; 1% risk of failure)
Confirm with . or Enter, or press ? or * to list all spells.
Casting: Flame Wave (dangerous; 12% risk of failure)
Press: ? - help, Dir - look around, f - activate A wave of flame ripples out!
The flame wave engulfs something.
Reactivating autopickup.
You feel a bit more experienced.
The flame wave engulfs the ogre!
The ogre is heavily wounded. (Press . to intensify the flame waves.)
You hear a shout! x2
The ogre completely misses you.
A wave of flame ripples out!
The flame wave engulfs the ogre.
The ogre is severely wounded.
You hear a shout!
A wave of flame ripples out!
The flame wave engulfs the ogre!
The ogre is almost dead.
The flame wave engulfs the orc.
The orc is moderately wounded.
You finish channelling waves of flame.
You hear a shout! x2
The ogre hits you with a +0 giant spiked club!!
Ouch! That really hurt!
You die...

#.[))).......).##.#
#..).(.......).##.#
#...†)........)##.#
#.......).##..)#..####
......###.#...)#.#...#
......# #.##.#)#.....#
.>....# ..##.#.......#
......# ####....)O)#.#
......#.........@)o).#
......#####.....).)#..).).
......# #......).'..####
......# #........##.#
..>...#####.#.......#.#
........>...#.##.#....#
###.........#. #.#....#
###)........#. #.#......
...........## #.#......


You could see an ogre and an orc.

Vanquished Creatures
  A wyvern (D:8)
  A steam dragon (D:8)
  A phantom (D:5)
  A kobold brigand (D:8)
  A scorpion (D:5)
  A bullfrog (D:8)
  5 wights (D:8)
  A howler monkey (D:5)
  3 orc priests
  4 iguanas
  3 orc wizards
  5 adders
  A shadow imp (D:8)
  An ufetubus (D:5)
  A worm (D:4)
  A dart slug (D:2)
  27 orcs
  5 ball pythons
  5 endoplasms
  4 giant cockroaches
  6 goblins
  8 hobgoblins
  6 jackals (D:2)
  3 quokkas
  8 bats
  4 frilled lizards (D:2)
  13 kobolds
  4 rats
124 creatures vanquished.

Vanquished Creatures (collateral kills)
  2 hounds (D:5)
2 creatures vanquished.

Vanquished Creatures (others)
  A kobold brigand (D:8)
  43 foxfires
44 creatures vanquished.

Grand Total: 170 creatures vanquished

Notes
Turn   | Place    | Note
-------+----------+-------------------------------------------
     0 | D:1      | ThatDraconian the Draconian Fire Elementalist began the
                  | quest for the Orb.
     0 | D:1      | Reached XP level 1. HP: 14/14 MP: 3/3
   290 | D:1      | Reached XP level 2. HP: 20/20 MP: 3/5
   293 | D:1      | Learned a level 2 spell: Scorch
   771 | D:2      | Reached XP level 3. HP: 27/27 MP: 0/6
   784 | D:2      | Learned a level 3 spell: Volatile Blastmotes
  1566 | D:3      | Found a glowing silver altar of Zin.
  1566 | D:3      | Noticed an angel
  2252 | D:2      | Found a shadowy altar of Dithmenos.
  2534 | D:1      | Reached XP level 4. HP: 34/34 MP: 7/7
  2668 | D:4      | Reached skill level 1 in Fighting
  3187 | D:4      | Reached XP level 5. HP: 27/40 MP: 5/9
  3191 | D:4      | Reached skill level 1 in Translocations
  3191 | D:4      | Reached skill level 4 in Fire Magic
  3196 | D:4      | Learned a level 3 spell: Inner Flame
  3327 | D:5      | Entered Level 5 of the Dungeon
  3376 | D:5      | Reached skill level 1 in Ranged Weapons
  3381 | D:5      | Reached XP level 6. HP: 31/47 MP: 3/10
  3386 | D:5      | Reached skill level 1 in Axes
  3407 | D:5      | Reached skill level 1 in Throwing
  3426 | D:5      | Reached skill level 1 in Evocations
  3551 | D:5      | Your scales start taking on a pale cyan-grey colour.
  3551 | D:5      | Reached XP level 7. HP: 53/53 MP: 12/12
  3551 | D:5      | Gained mutation: You are immune to the effects of steam.
                  | [Pale Draconian growth]
  3665 | D:6      | You fall into a shaft and drop 2 floors!
  3677 | D:8      | Reached skill level 5 in Fire Magic
  3681 | D:8      | Reached skill level 1 in Hexes
  3719 | D:8      | Noticed a wyvern
  3723 | D:8      | HP: 1/55 [wyvern (10)]
  3727 | D:8      | Killed a wyvern
  3907 | D:8      | Learned a level 4 spell: Flame Wave
  4104 | D:8      | Reached XP level 8. HP: 51/62 MP: 12/14
  4313 | D:8      | Slain by an ogre

Illustrated notes

Levels and vault maps discovered:
D:1:      lemuel_arrival_behind_the_door_large, layout_rooms
D:2:      layout_basic, basic_altar, minmay_pentomino_z4
D:3:      layout_basic, zin_angel, nicolae_titane
D:4:      minmay_polygon_palace, layout_basic, serial_shops, shop
D:5:      layout_gridville, nicolae_dithmenos_shadow_blocks,
          fedhas_bush_and_centaur_altar, nicolae_elemental_shop
D:6:      layout_cave_pools, mainiacjoe_overflow_chevrons,
          mainiacjoe_overflow_catwalk, lemuel_temple_firewalk_b,
          serial_column_ruins, column_ruins_open_tiny, column_ruins_open_tiny,
          column_ruins_corridor_straight, column_ruins_open_tiny,
          column_ruins_open_tiny, column_ruins_corridor_T, uniq_pikel,
          uniq_blork_the_orc, uniq_menkaure
D:8:      layout_basic, grunt_temple_overflow_open, special_room
          [special_room_orc]

Skill      XL: |  1  2  3  4  5  6  7  8 |
---------------+-------------------------+-----
Stealth        | 2 3 |  3.2
Dodging        | 2 |  2.8
Fighting       | 1 2 |  2.6
Translocations | 1 2 |  2.5
Fire Magic     | 4 5 |  5.6
Ranged Weapons | 1 2 |  2.4
Spellcasting   | 3 4 |  4.2
Axes           | 1 2 |  2.1
Throwing       | 1 |  1.8
Evocations     | 1 2 |  2.3
Conjurations   | 2 |  2.7
Hexes          | 1 |  1.7

Action                     |  1- 3 |  4- 6 |  7- 9 || total
---------------------------+-------+-------+-------++-------
  Melee: Hand axe          |    28 |       |       ||    28
         Tailslap          |     2 |       |       ||     2
   Fire: Arbalest          |     7 |    28 |    40 ||    75
   Cast: Foxfire           |    17 |     4 |     1 ||    22
         Scorch            |    31 |    35 |    18 ||    84
         Volatile Blastmot |     1 |     2 |     3 ||     6
         Flame Wave        |       |       |     3 ||     3
Ability: Breathe Steam     |       |       |     9 ||     9
  Evoke: Wand              |       |     1 |     1 ||     2
    Use: Scroll            |     3 |       |     4 ||     7
         Potion            |     1 |     1 |       ||     2
 Armour: Skin              |    38 |    17 |    22 ||    77
  Dodge: Dodged            |    71 |    38 |    20 ||   129
